 Dungeon Crawl Stone Soup version 0.32-a0-576-g706899e69d (webtiles) character file.

Game seed: 2588603047101523813

63 Dittersdorf the Trooper (level 4, -1/29 HPs)
             Began as a Gargoyle Fighter on Mar 1, 2024.
             Slain by Natasha (2 damage)
             ... on level 1 of the Dungeon.
             The game lasted 00:00:47 (1141 turns).

Dittersdorf the Trooper (Gargoyle Fighter)          Turns: 1141, Time: 00:00:47

Health: -1/29      AC: 13    Str: 22    XL:     4   Next: 10%
Magic:  4/4        EV:  8    Int:  8    God:
Gold:   38         SH:  4    Dex:  9    Spells: 3/3 levels left

rFire   . . .        a - +0 flail
rCold   . . .        c - +0 buckler
rNeg    + . .        g - +0 chain mail
rPois   ∞            (no helmet)
rElec   +            (no cloak)
rCorr   .            (no gloves)
SInv    .            (no boots)
Will    .....        (no amulet) Stlth
                     (no ring)
HPRegen 0.24/turn    (no ring)
MPRegen 0.09/turn

%: no passive effects
@: no status effects
A: sickness immunity, AC +3, negative energy resistance 1, electricity
resistance, torment resistance 1, petrification resistance
a: no special abilities


You were on level 1 of the Dungeon.
You visited 1 branch of the dungeon, and saw 2 of its levels.

You collected 38 gold pieces.

Inventory:

Hand Weapons
 a - a +0 flail (weapon)
Armour
 c - a +0 buckler (worn)
 g - a +0 chain mail (worn)
Scrolls
 b - 3 scrolls of vulnerability {unknown}
 f - 2 scrolls of immolation {unknown}
 i - a scroll of identify {unknown}
Potions
 d - a potion of might
 e - 2 potions of heal wounds {unknown}
 h - a potion of curing {unknown}
 j - a potion of haste {unknown}


   Skills:
 + Level 3.9 Fighting
 + Level 2.6 Maces & Flails
 + Level 3.9 Armour
 + Level 3.9 Shields


You had 3 spell levels left.
You didn't know any spells.
Your spell library contained the following spells:

 Spells                   Type           Power      Damage    Failure   Level
 Animate Dead             Necr           0%         N/A       100%        4
 Petrify                  Alch/Erth      0%         N/A       100%        4
 Irradiate                Conj/Alch      0%         3d11      100%        5
 Haunt                    Necr/Summ      0%         N/A       100%        7
 Infestation              Necr           0%         N/A       100%        8
 Sublimation of Blood     Necr           Unusable   N/A       N/A         2

Dungeon Overview and Level Annotations

Branches:
Dungeon (2/15)

Altars:

Annotations:
D:1 Natasha


Innate Abilities, Weirdness & Mutations

You are immune to sickness and miasma.
Your stone body is resilient. (AC +3)
You are immune to poison.
You resist negative energy. (rN+)
You are resistant to electric shocks. (rElec)
You are resistant to unholy torment.
You are immune to petrification.


Message History

You are too injured to fight recklessly!
You are too injured to fight recklessly!
You are too injured to fight recklessly!
You are too injured to fight recklessly!
You are too injured to fight recklessly!
You are too injured to fight recklessly!
You are too injured to fight recklessly!
You are too injured to fight recklessly!
You are too injured to fight recklessly!
You are too injured to fight recklessly!
You are too injured to fight recklessly!
You are too injured to fight recklessly!
Found a stone staircase leading down.
The rat squeaks loudly.
The bat hits you but does no damage.
There is a stone staircase leading up here.
You block the bat's attack.
The cerulean imp hits you from afar with a +2 spear.
Natasha barely misses you.
You climb upwards.
The cerulean imp disappears in a puff of smoke! x2
There is a stone staircase leading down here.
You barely miss Natasha.
Natasha is lightly wounded.
Natasha zaps a wand.
The puff of flame hits you but does no damage.
You miss Natasha.
Natasha is lightly wounded.
Natasha zaps a wand.
The puff of flame hits you!
* * * LOW HITPOINT WARNING * * *
Natasha wildly gestures.
Natasha shimmers violently.
Natasha stares at you and mumbles some strange words.
The magic dart hits you.
* * * LOW HITPOINT WARNING * * *
You completely miss Natasha.
Natasha is lightly wounded.
Natasha claws you.
You die...
Natasha curls up and begins to purr.

#.# #.#.#..÷..###.# # #.#
#....#...## #.# # # #.#
#..#......# #.# # # #.#
##...#.#..###.# # #
#.######...##...##.#### # #
#.#.......#.#.#.......# # #
##.#.##.#.#.#÷...##.##.# #
##....#.##.##h)))###.##.# #
#.#.........@........##.# #
##.#..#.#.#.##...######.#####
##.#.##.......#.# #.......#
##...##......#.####...###.#
### #..#................###
#.# #.##
#....##.....#######.# #.#
.#.## #.#.###.....# #)# #.#
..#.# #.#.# #.#.### #.# #.#
...## #.#.###.#.#########.#
#.#


You could see Natasha.

Vanquished Creatures
  2 adders (D:2)
  3 dart slugs (D:1)
  5 bats
  2 endoplasms
  A giant cockroach (D:1)
  4 goblins (D:1)
  4 hobgoblins (D:1)
  4 jackals (D:1)
  A ball python (D:1)
  4 frilled lizards (D:1)
  3 kobolds
  5 rats
38 creatures vanquished.

Notes
Turn   | Place    | Note
-------+----------+-------------------------------------------
     0 | D:1      | Dittersdorf the Gargoyle Fighter began the quest for the
                  | Orb.
     0 | D:1      | Reached XP level 1. HP: 14/14 MP: 1/1
   163 | D:1      | Reached XP level 2. HP: 15/19 MP: 2/2
   392 | D:1      | Reached XP level 3. HP: 23/23 MP: 3/3
  1051 | D:2      | Reached XP level 4. HP: 27/29 MP: 4/4
  1125 | D:2      | Noticed Natasha
  1140 | D:1      | HP: 1/29 [Natasha/magic dart (2)]
  1141 | D:1      | Slain by Natasha

Illustrated notes

Levels and vault maps discovered:
D:1:      kilobyte_arrival_exit_the_forest, layout_loops_ring
D:2:      layout_loops_ring, serial_shops, shop, uniq_robin, uniq_natasha,
          uniq_terence

Action                     |  1- 3 |  4- 6 || total
---------------------------+-------+-------++-------
  Melee: Flail             |   103 |    27 ||   130
 Armour: Scale mail        |     9 |       ||     9
         Chain mail        |    98 |    41 ||   139
  Dodge: Dodged            |    35 |    21 ||    56
  Block: Buckler           |    22 |     8 ||    30

Table legend: (Time is in decaauts)
 A = Elapsed time spent in this place.
 B = Non-inter-level travel time spent in this place.
 C = Inter-level travel time spent in this place.
 D = Time resting spent in this place.
 E = Time spent auto-exploring this place.
 F = Levels seen in this place.
 G = Mean time per level.
                   A        B        C        D        E       F      G
               +--------+--------+--------+--------+--------+-----+--------+
         Total |   1185 |   1140 |     45 |      0 |    858 |   2 |  592.5 |
       Dungeon |   1185 |   1140 |     45 |      0 |    858 |   2 |  592.5 |
               +--------+--------+--------+--------+--------+-----+--------+

Top non-repeatable levels by time:
     D:1: 926 daAuts
     D:2: 259 daAuts
